Map: [ESL] Moondance

Players

Reynor - Winner!

  • Race: Zerg Zerg
  • Spawn Location: 6:00

DnS

  • Race: Protoss Protoss
  • Spawn Location: 12:00

Event: DreamHack SC2 Masters 2022 Valencia

VOD

Have the link to the VOD?

Description

Time

  • Played on: July 1, 2022, 1:26 p.m.
  • Length: 9:13

All games in this series

Show
View Real Time Build Order
Export as new Build Order

Reynor Zerg - Winner!

Build Orders: Pool First 

Get SALT Encoding   

  12  0:01  Drone  
  13  0:12  Overlord  
  13  0:16  Drone  
  14  0:30  Drone x2  
  16  0:41  Spawning Pool  
  15  0:45  Drone  
  15  0:48  Drone  
  17  1:10  Hatchery  
  16  1:13  Drone  
  17  1:27  Zergling x4  
  17  1:28  Zergling x2  
  20  1:39  Zergling x2  
  21  1:47  Hatchery  
  20  1:56  Extractor  
  20  1:58  Queen  
  21  2:02  Drone  
  22  2:09  Overlord  
  22  2:26  Zergling x6  
  24  2:33  Queen  
  24  2:35  Zergling x2  
  26  2:46  Zergling x2  
  26  2:47  Drone x2  
  28  2:55  Overlord  
  26  3:01  Zergling x2  
  26  3:07  Metabolic Boost  
  26  3:11  Drone  
  25  3:21  Drone  
  25  3:22  Drone x2  
  25  3:23  Drone  
  29  3:28  Zergling x2  
  29  3:33  Drone x3  
  32  3:37  Zergling x2  
  32  3:39  Zergling x2  
  32  3:47  Zergling x2  
  33  3:49  Drone  
  33  3:51  Zergling x2  
  35  3:58  Zergling x2  
  35  4:00  Queen, Drone  
  36  4:10  Queen, Zergling x2  
  36  4:12  Overlord  
  39  4:22  Zergling x2  
  39  4:25  Drone x3  
  39  4:26  Drone x3  
  39  4:29  Overlord  
  44  4:33  Zergling x2  
  44  4:37  Queen  
  46  4:42  Zergling x2  
  46  4:43  Overlord  
  47  4:46  Spore Crawler  
  46  4:53  Queen  
  46  4:54  Zergling x2  
  46  4:57  Drone  
  46  4:58  Drone  
  46  4:59  Drone  
  50  5:04  Zergling x2  
  48  5:15  Zergling x2  
  48  5:16  Zergling x2  
  48  5:17  Zergling x2  
  48  5:18  Zergling x2  
  48  5:19  Hatchery  
  49  5:21  Queen  
  49  5:27  Zergling x2  
  50  5:29  Drone x3  
  53  5:38  Zergling x2  
  53  5:39  Queen  
  53  5:40  Spore Crawler  
  53  5:42  Queen  
  57  5:47  Drone  
  57  5:48  Drone x3  
  60  5:52  Zergling x2  
  60  5:56  Overlord  
  60  6:00  Zergling x2  
  60  6:01  Roach Warren  
  60  6:02  Drone  
  60  6:03  Drone  
  60  6:04  Drone  
  60  6:05  Extractor  
  60  6:07  Zergling x2  
  60  6:09  Zergling x4  
  59  6:12  Zergling x2  
  59  6:15  Queen  
  62  6:23  Lair  
  62  6:28  Zergling x2  
  61  6:36  Zergling x2  
  61  6:38  Drone x3  
  61  6:39  Drone  
  62  6:40  Drone x5  
  62  6:41  Extractor  
  62  6:42  Overlord  
  62  6:43  Extractor  
  62  6:46  Queen  
  66  6:55  Evolution Chamber  
  66  7:00  Zergling x14  
  71  7:04  Overlord  
  71  7:13  Drone x3  
  73  7:15  Overlord  
  73  7:23  Drone x4  
  73  7:26  Drone x2  
  73  7:28  Spire  
  78  7:32  Drone x3  
  78  7:34  Drone x2  
  83  7:40  Spore Crawler  
  83  7:42  Drone x2  
  84  7:45  Drone x2  
  84  7:50  Extractor  
  85  7:51  Spore Crawler, Drone x2  
  85  7:52  Extractor  
  85  7:58  Overlord  
  85  7:59  Queen  
  87  8:06  Drone  
  88  8:16  Overlord  
  88  8:19  Queen  
  88  8:44  Roach, Mutalisk x10  
  108  8:53  Overlord  
  114  9:07  Hatchery  
Show
View Real Time Build Order
Export as new Build Order

DnS Protoss 

Build Orders:  

Get SALT Encoding   

  12  0:01  Probe  
  13  0:13  Probe  
  14  0:20  Pylon  
  14  0:25  Probe  
  15  0:28  Assimilator  
  15  0:38  Probe (Chrono Boost)  
  16  0:44  Gateway  
  16  0:49  Probe (Chrono Boost)  
  17  0:54  Probe (Chrono Boost)  
  18  1:04  Probe  
  19  1:16  Probe  
  20  1:26  Gateway  
  20  1:28  Probe  
  20  1:29  Zealot (Chrono Boost)  
  20  1:30  Pylon  
  23  1:34  Cybernetics Core  
  23  1:45  Assimilator  
  23  1:48  Probe  
  23  1:50  Zealot  
  26  1:59  Pylon  
  26  2:00  Probe  
  27  2:12  Probe  
  28  2:16  Adept (Chrono Boost)  
  22  2:30  Adept (Chrono Boost), Shield Battery  
  30  2:35  Pylon  
  30  2:36  Pylon  
  30  2:48  Pylon  
  30  2:50  Pylon  
  30  2:51  Probe  
  28  3:02  Adept  
  28  3:06  Probe  
  29  3:23  Probe, Stargate  
  30  3:40  Probe  
  31  3:58  Nexus  
  31  4:01  Probe  
  32  4:05  Oracle (Chrono Boost)  
  35  4:13  Probe  
  36  4:18  Adept x2  
  38  4:38  Oracle (Chrono Boost)  
  38  4:42  Probe  
  40  4:59  Probe  
  36  5:10  Probe  
  36  5:11  Probe  
  36  5:14  Oracle  
  36  5:17  Adept x2  
  43  5:22  Probe  
  43  5:23  Probe  
  45  5:34  Probe  
  45  5:35  Probe  
  45  5:47  Probe x2  
  44  5:58  Oracle  
  44  6:01  Probe (Chrono Boost)  
  44  6:03  Probe (Chrono Boost)  
  47  6:13  Probe (Chrono Boost)  
  47  6:14  Probe (Chrono Boost)  
  49  6:19  Probe x2 (Chrono Boost)  
  51  6:27  Probe  
  51  6:29  Probe  
  53  6:33  Pylon  
  53  6:37  Oracle  
  53  6:40  Probe  
  53  6:41  Probe  
  54  6:52  Probe  
  54  6:53  Probe  
  55  7:01  Assimilator  
  55  7:04  Probe  
  55  7:05  Probe (Chrono Boost)  
  57  7:13  Stargate  
  57  7:17  Probe (Chrono Boost)  
  57  7:21  Phoenix  
  57  7:22  Probe (Chrono Boost)  
  61  7:26  Probe (Chrono Boost)  
  61  7:29  Probe (Chrono Boost)  
  63  7:31  Pylon, Probe  
  63  7:37  Pylon x2  
  64  7:40  Probe  
  64  7:44  Probe  
  70  8:00  Void Ray  
  74  8:05  Void Ray  
  74  8:08  Probe x2  
  74  8:11  Pylon  
  76  8:12  Pylon  
  76  8:14  Pylon  
  76  8:21  Probe x2  
  74  8:46  Nexus  
  73  8:56  Probe (Chrono Boost)  
  73  8:57  Probe (Chrono Boost)  

Tags
 
Add a new tag
Caveats
  • Supply blocks, unpowered buildings, or Contaminate may cause inaccurate times.
  • Supply counts are checked every 10 seconds.